 Dungeon Crawl Stone Soup version 0.23-a0-391-g8c51ad5 (webtiles) character file.

13501 sleepydude the Protected (level 11, -1/99 HPs)
             Began as a Minotaur Berserker on Oct 30, 2018.
             Was the Champion of Trog.
             Slain by an orc
             ... wielding a +0 flail
              (3 damage)
             ... on level 2 of the Orcish Mines.
             The game lasted 00:32:32 (12742 turns).

sleepydude the Protected (Minotaur Berserker)      Turns: 12742, Time: 00:32:33

Health: -1/99      AC: 18    Str: 27    XL:     11   Next: 76%
Magic:  0/10       EV: 11    Int:  7    God:    Trog [******]
Gold:   901        SH:  0    Dex: 12    Spells: 10/10 levels left

rFire    . . .     SeeInvis +   w - +0 hand axe (elec)
rCold    . . .     Gourm    .   (no shield)
rNeg     . . .     Faith    .   y - +0 plate armour
rPois    +         Spirit   +   (helmet restricted)
rElec    .         Reflect  .   E - +0 cloak of Defiance {+Fly Str+4 Int+3}
rCorr    .         Harm     .   v - +0 pair of gloves
MR       .....                  (no boots)
Stlth    ..........             j - amulet of guardian spirit
HPRegen  0.26/turn              J - ring of poison resistance
MPRegen  0.12/turn              F - ring of see invisible

@: drained
A: retaliatory headbutt, horns 2
a: Berserk, Trog's Hand, Brothers in Arms, Renounce Religion, Evoke Flight


You were on level 2 of the Orcish Mines.
You worshipped Trog.
Trog was exalted by your worship.
You were not hungry.

You visited 2 branches of the dungeon, and saw 12 of its levels.

You collected 1148 gold pieces.
You spent 247 gold pieces at shops.

Inventory:

Hand Weapons
 u - a +0 dire flail
 w - a +0 hand axe of electrocution (weapon)
 z - a +0 flail
Armour
 v - a +0 pair of gloves (worn)
 y - a +0 plate armour (worn)
 E - the +0 cloak of Defiance (worn) {+Fly Str+4 Int+3}
   (You bought it in a shop on level 6 of the Dungeon)

   It affects your strength (+4).
   It affects your intelligence (+3).
   It lets you fly.
 G - the +1 leather armour of Qusic {rPois Str+4 Stlth+}
   (You found it on level 8 of the Dungeon)

   It affects your strength (+4).
   It protects you from poison.
   It makes you more stealthy.
Jewellery
 j - an amulet of guardian spirit (around neck)
 t - an uncursed ring of resist corrosion {unknown}
 F - a ring of see invisible (right hand)
 H - an uncursed amulet of magic regeneration
 J - a ring of poison resistance (left hand)
Wands
 q - a wand of disintegration (15)
Scrolls
 b - 5 scrolls of identify {@r1}
 d - 3 scrolls of fear {unknown}
 f - 2 scrolls of fog
 g - 3 scrolls of amnesia
 h - a scroll of random uselessness {unknown}
 i - 3 scrolls of blinking
 k - a scroll of enchant weapon {unknown}
 m - 7 scrolls of teleportation
 o - a scroll of enchant armour {unknown}
 x - 5 scrolls of magic mapping {unknown}
 B - a scroll of immolation {unknown}
Potions
 a - a potion of mutation {unknown}
 e - 2 potions of curing {@q1}
 l - 2 potions of lignification {unknown}
 n - 4 potions of heal wounds {unknown}
 p - 2 potions of agility {unknown}
 r - 2 potions of brilliance {unknown}
 A - a potion of might {unknown}
 C - 2 potions of degeneration {unknown}
 I - a potion of magic {unknown}
Comestibles
 c - 20 rations


   Skills:
 + Level 9.7(9.6) Fighting
 + Level 11.7(12.6) Axes
 + Level 8.5(11.1) Maces & Flails
 + Level 12.3(12.2) Armour
 + Level 6.6(6.5) Dodging
 + Level 4.8 Stealth


You had 10 spell levels left.
You didn't know any spells.
Your spell library was empty.

Dungeon Overview and Level Annotations

Branches:
Dungeon (10/15)            Temple (0/1) D:7             Orc (2/2) D:10
   Lair: D:8-11         Elf: Orc:2

Altars:
Dithmenos
Fedhas
Gozag
Hepliaklqana
Kikubaaqudgha
Makhleb
Nemelex Xobeh
Qazlal
Sif Muna
Uskayaw
Yredelemnul

Shops:
D:6 [   D:8 (   D:9 (   Orc:2 [


Innate Abilities, Weirdness & Mutations

You reflexively headbutt those who attack you in melee.
You have a pair of horns on your head.


Message History

The orc priest mumbles some strange prayers to Beogh against you.
Beogh smites you!
An orc priest comes into view. It is wielding a +0 club.
The orc priest mumbles some strange prayers to Beogh against you.
Beogh smites you!
The orc wizard gestures at you while chanting.
The magic dart hits you!
The orc priest mumbles some strange prayers to Beogh against you.
Beogh smites you!
* * * LOW HITPOINT WARNING * * *
The orc priest calls down the wrath of Beogh upon you.
Beogh smites you!
* * * LOW HITPOINT WARNING * * *
The orc warrior hits you with a +0 mace!
* * * LOW HITPOINT WARNING * * *
Things that are here:
a +0 mace; a cursed -1 chain mail The orc priest looks braver for a moment.
The orc hits you with a +0 flail.
You die...

##..o...#......#......#....#
###..[..#....#.............
#....[o................#
##.#........oo.o.......#
####............[<..##
####....).o.[.....##
##.##.........[...##
##.........oo[[.....#
##.#.#.....o.)@.....##
#...#..........)...##
##...#..#..........#
##.#..............##
##.................##
##.........#.........########.
#...#.....#..........#........
#...#.....#..#.....∩..........
##...#...#...##...............


You could see an orc warrior, 4 orc priests, an orc wizard and 2 orcs.

Vanquished Creatures
  Josephine (Orc:2)
  An unseen horror (D:7)
  3 orc sorcerers
  Joseph (D:8)
  A gargoyle (D:10)
  A centaur skeleton (D:7)
  4 trolls
  2 hornets (D:8)
  A wraith (D:10)
  A wyvern (D:9)
  A hungry ghost (D:4)
  Eustachio (D:4)
  2 wargs (Orc:1)
  A soldier ant (D:8)
  A water moccasin (D:7)
  A sky beast (D:5)
  5 ice beasts
  The ghost of TurboTaco the Skirmisher, an amateur MiFi (D:3)
  18 orc warriors
  4 phantoms
  A black bear (D:7)
  A necrophage (D:9)
  6 ogres
  5 centaurs
  3 big kobolds
  5 bullfrogs
  A water moccasin zombie (D:7)
  A wyvern skeleton (D:8)
  3 scorpions
  A water moccasin skeleton (D:4)
  7 killer bees
  3 wights (D:6)
  A centaur zombie (D:6)
  3 crimson imps
  A bullfrog zombie (D:7)
  A jelly (D:6)
  3 hounds
  21 orc priests
  33 orc wizards
  3 bullfrog skeletons
  Natasha (thrice) (D:4)
  3 iguanas
  14 worker ants
  A killer bee zombie (D:7)
  A hound skeleton (D:4)
  A worker ant zombie (D:8)
  7 gnolls
  3 howler monkey skeletons
  13 adders
  A shadow imp (D:9)
  An ooze (D:1)
  4 worms
  3 dart slugs
  4 leopard geckos
  66 orcs
  10 bats
  11 giant cockroaches
  7 goblins
  8 hobgoblins
  13 jackals
  23 kobolds
  6 quokkas
  2 ball pythons (D:2)
  5 frilled lizards
  5 rats
369 creatures vanquished.

Vanquished Creatures (others)
  An orc wizard (D:6)
  A fungus (D:3)
2 creatures vanquished.

Grand Total: 371 creatures vanquished

Notes
Turn   | Place    | Note
-------+----------+-------------------------------------------
     0 | D:1      | sleepydude the Minotaur Berserker began the quest for the
                  | Orb.
     0 | D:1      | Reached XP level 1. HP: 19/19 MP: 0/0
   182 | D:1      | Reached XP level 2. HP: 17/27 MP: 1/1
   513 | D:1      | Reached XP level 3. HP: 33/33 MP: 2/2
   570 | D:1      | Reached ** piety under Trog
  1209 | D:2      | Reached XP level 4. HP: 41/41 MP: 3/3
  1217 | D:2      | Found a burning altar of Makhleb.
  1252 | D:2      | Reached skill level 3 in Armour
  1624 | D:2      | Reached skill level 5 in Maces & Flails
  1683 | D:3      | Found a deep blue altar of Sif Muna.
  1800 | D:3      | Found an ancient bone altar of Kikubaaqudgha.
  1825 | D:3      | Reached *** piety under Trog
  1850 | D:3      | Found a runed gate.
  1851 | D:3      | Noticed TurboTaco's ghost (amateur MiFi)
  1856 | D:3      | Found a runed gate.
  1857 | D:3      | Found a runed gate.
  1864 | D:3      | Noticed a big kobold
  1931 | D:3      | Killed a big kobold
  1931 | D:3      | Reached XP level 5. HP: 47/47 MP: 4/4
  1939 | D:3      | Killed TurboTaco's ghost
  1939 | D:3      | Reached skill level 4 in Armour
  1939 | D:3      | Reached XP level 6. HP: 55/55 MP: 5/5
  2760 | D:3      | Found a blossoming altar of Fedhas.
  2971 | D:4      | Noticed Natasha
  2983 | D:4      | Killed Natasha
  3124 | D:4      | Reached skill level 5 in Fighting
  3279 | D:3      | Reached skill level 5 in Armour
  3279 | D:3      | Reached XP level 7. HP: 61/61 MP: 6/6
  3363 | D:4      | Reached **** piety under Trog
  3953 | D:4      | Noticed Natasha
  3958 | D:4      | Killed Natasha
  3999 | D:4      | Found a sparkling altar of Nemelex Xobeh.
  4022 | D:4      | Noticed Eustachio
  4022 | D:4      | Noticed a hungry ghost
  4093 | D:4      | Killed Eustachio
  4093 | D:4      | Reached skill level 6 in Armour
  4094 | D:4      | Killed a hungry ghost
  4094 | D:4      | Reached skill level 1 in Stealth
  4094 | D:4      | Reached XP level 8. HP: 70/70 MP: 7/7
  4426 | D:4      | Noticed Natasha
  4454 | D:4      | Killed Natasha
  4731 | D:5      | Entered Level 5 of the Dungeon
  4738 | D:5      | Reached skill level 7 in Armour
  5244 | D:5      | Found a stormy altar of Qazlal.
  5247 | D:5      | Reached skill level 1 in Axes
  5412 | D:5      | Reached skill level 8 in Armour
  5943 | D:6      | Got a jewelled leather armour
  5959 | D:6      | Identified the +2 leather armour "Yphimmint" {MR++ SInv}
                  | (You found it on level 6 of the Dungeon)
  6003 | D:6      | Found Axo Cuse's Antique Armour Emporium.
  6008 | D:6      | Bought an ichor-stained cloak for 247 gold pieces
  6013 | D:6      | Identified the +0 cloak of Defiance {+Fly Str+4 Int+3} (You
                  | bought it in a shop on level 6 of the Dungeon)
  6234 | D:6      | Reached XP level 9. HP: 78/78 MP: 8/8
  6246 | D:6      | Found a basalt altar of Yredelemnul.
  6889 | D:7      | Found a hazy altar of Hepliaklqana.
  6986 | D:7      | Noticed an unseen horror
  6990 | D:7      | Reached skill level 5 in Axes
  6999 | D:7      | Killed an unseen horror
  6999 | D:7      | Reached skill level 9 in Armour
  7093 | D:7      | Reached skill level 5 in Dodging
  7260 | D:7      | Reached skill level 10 in Armour
  7260 | D:7      | Reached XP level 10. HP: 66/86 MP: 6/9
  7344 | D:7      | Found a staircase to the Ecumenical Temple.
  7443 | D:7      | Found a shadowy altar of Dithmenos.
  7492 | D:8      | Noticed Joseph
  7757 | D:8      | Killed Joseph
  7926 | D:8      | Found Wupsoly's Weapon Boutique.
  8037 | D:8      | Reached ***** piety under Trog
  8165 | D:8      | Got an aquamarine-encrusted leather armour
  8176 | D:8      | Identified the cursed +1 leather armour of Qusic {rPois
                  | Str+4 Stlth+} (You found it on level 8 of the Dungeon)
  8273 | D:8      | Paralysed by a hornet for 1 turns
  8790 | D:9      | Found an opulent altar of Gozag.
  8894 | D:9      | Reached skill level 11 in Armour
  9176 | D:9      | Found a hide-covered altar of Uskayaw.
  9316 | D:9      | Found Jingozen's Weapon Shop.
  9474 | D:10     | Entered Level 10 of the Dungeon
  9895 | D:10     | Received a gift from Trog
  9948 | D:10     | Reached XP level 11. HP: 81/97 MP: 10/10
 10222 | D:10     | Reached skill level 10 in Axes
 10385 | D:10     | Found a staircase to the Orcish Mines.
 10527 | Orc:1    | Entered Level 1 of the Orcish Mines
 11473 | Orc:1    | Noticed an orc sorcerer
 11478 | Orc:1    | Killed an orc sorcerer
 11708 | Orc:2    | Entered Level 2 of the Orcish Mines
 11708 | Orc:2    | Found Ixishrak's Armour Shoppe.
 11708 | Orc:2    | Noticed an orc sorcerer
 11724 | Orc:1    | Killed an orc sorcerer
 12198 | Orc:2    | Noticed Josephine
 12204 | Orc:1    | Received a gift from Trog
 12306 | Orc:2    | Killed Josephine
 12306 | Orc:2    | Reached skill level 12 in Armour
 12545 | Orc:2    | Reached ****** piety under Trog
 12553 | Orc:2    | Noticed an orc sorcerer
 12648 | Orc:2    | Killed an orc sorcerer
 12726 | Orc:2    | Noticed an orc sorcerer
 12741 | Orc:2    | HP: 2/99 [orc warrior/+0 mace (9)]
 12742 | Orc:2    | Slain by an orc

Vault maps used:
D:1:      dpeg_arrival_more_subterranean_lakeside_camping,
          kennysheep_another_room, minmay_hexomino_f4
D:2:      lemuel_crystal_altar, first_ration, minmay_randomly_rotated_circles
D:3:      lemuel_doored_altar, overflow_temple_1_default,
          gammafunk_ghost_nasty_kobolds, minmay_misc_feat_alley,
          fedhas_altar_fruit_tree
D:4:      old_standard_altar, serial_forest, infiniplex_forest_corner_2,
          infiniplex_forest_lined_corner, infiniplex_forest_diagonal,
          infiniplex_forest_diagonal, infiniplex_forest_end_double,
          infiniplex_forest_end_2, infiniplex_forest_side_room, uniq_natasha,
          uniq_eustachio
D:5:      nicolae_qazlal_eye_of_the_storm
D:6:      yredelemnul_altar_generic, serial_shops, nicolae_shop_trees,
          hangedman_abyss_or_decor_stabs
D:7:      nicolae_overflow_hidden_temple, kennysheep_mini_moat,
          minmay_temple_entry_glassed_door
D:8:      serial_shops, shop, hangedman_pestilent_swarm, uniq_joseph
D:9:      lemuel_crystal_altar, marbit_many_paths, serial_shops, shop,
          serial_curves, eino_curves_04, eino_curves_04
D:10:     orc_0_dummy
Orc:2:    st_orc_mages, serial_shops, shop, mines3_lemuel, uniq_josephine

Skill      XL: |  1  2  3  4  5  6  7  8  9 10 11 |
---------------+----------------------------------+-----
Maces & Flails | 4 5 6 7 8 |  8.5
Fighting       | 4 5 6 7 9 |  9.7
Armour         | 3 4 5 6 8 10 11 12 | 12.3
Dodging        | 3 4 5 6 |  6.6
Stealth        | 1 2 3 4 |  4.8
Axes           | 3 7 9 11 | 11.7

Action                   |  1- 3 |  4- 6 |  7- 9 | 10-12 || total
-------------------------+-------+-------+-------+-------++-------
Melee: Mace              |    80 |       |       |       ||    80
       Headbutt          |    12 |    25 |    71 |    86 ||   194
       Whip              |    19 |   139 |   104 |       ||   262
       Hand axe          |       |       |   201 |   437 ||   638
Invok: Berserk           |       |     3 |     4 |     4 ||    11
  Use: Scroll            |       |       |     6 |     1 ||     7
 Stab: Sleeping          |       |       |       |     9 ||     9
  Eat: Chunk             |     1 |     4 |    14 |    18 ||    37
       Ration            |       |     2 |     1 |     1 ||     4
Armor: Animal skin       |     5 |       |       |       ||     5
       Ring mail         |    32 |     6 |       |       ||    38
       Chain mail        |       |    53 |   125 |    44 ||   222
       Leather armour    |       |       |       |    29 ||    29
       Plate armour      |       |       |       |   119 ||   119
Dodge: Dodged            |    55 |    77 |   136 |   232 ||   500

Table legend:
 A = Non-vault XP
 B = Vault XP
 C = Vault XP percentage of total XP
 D = Non-vault monster count
 E = Vault monster count
 F = Vault count percentage of total count
                 A         B        C        D         E       F
            +---------+---------+-------+---------+---------+-------
      Total |   15246 |    4042 |  21.0 |     326 |      43 |  11.7
            +---------+---------+-------+---------+---------+-------
        D:1 |      50 |       6 |  10.7 |      23 |       3 |  11.5
        D:2 |      76 |      31 |  29.0 |      25 |       5 |  16.7
        D:3 |     117 |     236 |  66.9 |      19 |      10 |  34.5
        D:4 |     949 |     217 |  18.6 |      21 |       2 |   8.7
        D:5 |     579 |       0 |   0.0 |      18 |       0 |   0.0
        D:6 |     914 |       0 |   0.0 |      29 |       0 |   0.0
        D:7 |    2796 |       0 |   0.0 |      32 |       0 |   0.0
        D:8 |    1219 |    1209 |  49.8 |      29 |       5 |  14.7
        D:9 |    1252 |      34 |   2.6 |      32 |       1 |   3.0
       D:10 |    2428 |       0 |   0.0 |      36 |       0 |   0.0
      Orc:1 |    4734 |     209 |   4.2 |      56 |       3 |   5.1
      Orc:2 |     132 |    2100 |  94.1 |       6 |      14 |  70.0
            +---------+---------+-------+---------+---------+-------
